12 | 0:00 | Probe | |
13 | 0:12 | Probe | |
14 | 0:17 | Pylon | |
14 | 0:24 | Probe (Chrono Boost) | |
15 | 0:36 | Probe (Chrono Boost) | |
15 | 0:38 | Gateway | |
16 | 0:44 | Probe (Chrono Boost) | |
16 | 0:48 | Assimilator | |
17 | 0:51 | Assimilator | |
17 | 0:54 | Probe (Chrono Boost) | |
18 | 1:06 | Probe (Chrono Boost) | |
18 | 1:09 | Gateway | |
19 | 1:13 | Probe (Chrono Boost) | |
20 | 1:20 | Probe | |
21 | 1:26 | Cybernetics Core | |
22 | 1:32 | Probe | |
22 | 1:37 | Pylon | |
22 | 1:45 | Probe | |
23 | 1:57 | Probe | |
24 | 2:02 | Stalker | |
24 | 2:03 | Stalker, Warp Gate | |
28 | 2:13 | Pylon | |
28 | 2:24 | Pylon | |
28 | 2:33 | Sentry | |
28 | 2:34 | Stalker | |
32 | 2:46 | Nexus | |
32 | 2:51 | Probe | |
33 | 2:59 | Sentry | |
33 | 3:04 | Stalker | |
37 | 3:05 | Probe (Chrono Boost) | |
37 | 3:07 | Phoenix | |
37 | 3:08 | Pylon | |
38 | 3:15 | Probe (Chrono Boost) | |
39 | 3:21 | Twilight Council | |
39 | 3:26 | Probe | |
40 | 3:36 | Forge | |
40 | 3:38 | Probe (Chrono Boost) | |
41 | 3:50 | Probe (Chrono Boost) | |
42 | 3:56 | Probe (Chrono Boost) | |
42 | 3:58 | Blink, Probe (Chrono Boost) | |
44 | 4:08 | Protoss Ground Weapons Level 1 | |
44 | 4:09 | Probe (Chrono Boost) | |
45 | 4:11 | Stalker | |
48 | 4:17 | Probe (Chrono Boost) | |
48 | 4:18 | Stalker | |
48 | 4:22 | Probe (Chrono Boost) | |
51 | 4:27 | Probe (Chrono Boost) | |
53 | 4:32 | Probe (Chrono Boost), Pylon | |
51 | 4:40 | Stalker, Probe | |
51 | 4:42 | Phoenix | |
51 | 4:44 | Probe | |
54 | 4:52 | Nexus | |
54 | 4:54 | Probe | |
54 | 4:58 | Stalker | |
57 | 5:05 | Gateway | |
57 | 5:10 | Gateway | |
57 | 5:11 | Probe x2 | |
59 | 5:14 | Assimilator | |
59 | 5:17 | Assimilator | |
59 | 5:23 | Probe | |
59 | 5:25 | Stalker | |
59 | 5:27 | Stalker | |
59 | 5:28 | Probe | |
65 | 5:35 | Probe | |
66 | 5:42 | Robotics Facility | |
66 | 5:45 | Pylon | |
66 | 5:46 | Probe (Chrono Boost) | |
67 | 5:53 | Probe (Chrono Boost) | |
68 | 5:58 | Probe (Chrono Boost) | |
68 | 6:00 | Charge | |
71 | 6:04 | Probe (Chrono Boost) | |
71 | 6:06 | Probe (Chrono Boost) | |
71 | 6:08 | Stalker x3, Probe (Chrono Boost) | |
71 | 6:09 | Stalker | |
80 | 6:15 | Probe x2 (Chrono Boost) | |
80 | 6:16 | Probe (Chrono Boost) | |
83 | 6:18 | Pylon | |
83 | 6:20 | Protoss Ground Weapons Level 2 (Chrono Boost) | |
83 | 6:23 | Probe | |
85 | 6:26 | Probe | |
85 | 6:27 | Probe | |
85 | 6:29 | Observer | |
85 | 6:34 | Stalker x2 | |
83 | 6:43 | Stalker x2 | |
83 | 6:44 | Probe | |
83 | 6:46 | Probe (Chrono Boost) | |
85 | 6:48 | Phoenix | |
85 | 6:49 | Probe (Chrono Boost) | |
86 | 6:56 | Probe (Chrono Boost) | |
86 | 6:59 | Probe (Chrono Boost) | |
87 | 7:06 | Probe (Chrono Boost) | |
87 | 7:07 | Probe (Chrono Boost) | |
87 | 7:08 | Probe (Chrono Boost), Robotics Bay | |
89 | 7:10 | Stalker | |
89 | 7:11 | Stalker | |
89 | 7:12 | Robotics Facility, Probe (Chrono Boost) | |
89 | 7:13 | Probe | |
94 | 7:18 | Stalker | |
94 | 7:23 | Probe | |
94 | 7:27 | Probe | |
96 | 7:33 | Probe | |
96 | 7:35 | Gateway, Probe | |
96 | 7:36 | Gateway | |
98 | 7:38 | Assimilator | |
98 | 7:40 | Pylon x2 | |
98 | 7:43 | Pylon | |
98 | 7:44 | Probe | |
98 | 7:46 | Probe | |
98 | 7:47 | Assimilator | |
100 | 7:55 | Disruptor (Chrono Boost) | |
103 | 8:02 | Pylon, Probe x2 | |
103 | 8:05 | Gateway, Probe, Disruptor (Chrono Boost) | |
109 | 8:06 | Gateway | |
109 | 8:10 | Stalker x2 | |
113 | 8:13 | Stalker | |
113 | 8:16 | Stalker | |
113 | 8:19 | Phoenix | |
117 | 8:26 | Disruptor | |
120 | 8:29 | Probe x2 | |
120 | 8:33 | Disruptor, Protoss Ground Weapons Level 3 (Chrono Boost) | |
125 | 8:37 | Photon Cannon | |
125 | 8:39 | Photon Cannon, Pylon | |
125 | 8:43 | Probe | |
125 | 8:47 | Probe | |
127 | 8:50 | Probe | |
127 | 8:53 | Stalker | |
127 | 8:55 | Probe | |
130 | 8:59 | Probe | |
130 | 9:02 | Probe | |
132 | 9:04 | Disruptor | |
132 | 9:07 | Probe | |
132 | 9:09 | Stalker x2 | |
140 | 9:13 | Pylon | |
140 | 9:20 | Pylon | |
140 | 9:27 | Nexus | |
140 | 9:31 | Disruptor | |
140 | 9:35 | Gateway | |
140 | 9:36 | Gateway | |
137 | 9:38 | Pylon | |
137 | 9:40 | Disruptor | |
137 | 9:50 | Stalker | |
137 | 9:51 | Stalker x3 | |
135 | 10:00 | Probe | |
135 | 10:01 | Probe | |
135 | 10:04 | Zealot x4 | |
135 | 10:06 | Probe | |
146 | 10:11 | Disruptor | |
146 | 10:13 | Probe | |
150 | 10:14 | Zealot x3 | |
150 | 10:21 | Disruptor | |
159 | 10:33 | Gateway, Probe | |
160 | 10:36 | Gateway | |
160 | 10:38 | Gateway | |
160 | 10:39 | Probe | |
160 | 10:40 | Probe | |
160 | 10:42 | Zealot x2 | |
166 | 10:47 | Dark Shrine | |
166 | 10:51 | Assimilator | |
166 | 10:55 | Assimilator, Stalker | |
168 | 11:00 | Probe x2 | |
170 | 11:10 | Zealot x6 | |
165 | 11:12 | Zealot | |
165 | 11:17 | Zealot | |
156 | 11:18 | Probe x2 | |
152 | 11:26 | Protoss Shields Level 1 (Chrono Boost) | |
152 | 11:30 | Stalker x3 | |
154 | 11:36 | Probe | |
154 | 11:38 | Probe x2 | |
155 | 11:43 | Probe | |
156 | 11:49 | Stalker, Probe, Disruptor, Pylon | |
156 | 11:50 | Disruptor | |
165 | 11:56 | Photon Cannon, Probe | |
165 | 11:59 | Probe | |
167 | 12:02 | Dark Templar | |
167 | 12:03 | Dark Templar | |
167 | 12:05 | Probe | |
172 | 12:14 | Nexus | |
172 | 12:17 | Shield Battery | |
172 | 12:19 | Dark Templar | |
172 | 12:21 | Probe | |
175 | 12:26 | Photon Cannon, Dark Templar | |
175 | 12:29 | Shadow Stride (Chrono Boost) | |
175 | 12:44 | Zealot x6 | |
183 | 12:59 | Gateway | |
183 | 13:01 | Observer (Chrono Boost) | |
183 | 13:02 | Gateway | |
183 | 13:04 | Gateway, Photon Cannon | |
180 | 13:06 | Gateway, Observer (Chrono Boost) | |
180 | 13:07 | Photon Cannon, Pylon | |
180 | 13:09 | Probe | |
182 | 13:13 | Photon Cannon, Protoss Shields Level 2 (Chrono Boost) | |
182 | 13:15 | Photon Cannon | |
182 | 13:16 | Shield Battery | |
182 | 13:18 | Photon Cannon, Pylon | |
182 | 13:32 | Dark Templar x2, Zealot x2 | |
190 | 13:36 | Stalker | |
190 | 13:37 | Stalker | |
194 | 13:41 | Probe x2 | |
194 | 13:45 | Assimilator | |
196 | 13:50 | Assimilator | |
196 | 13:54 | Photon Cannon, Pylon, Probe | |
197 | 13:55 | Photon Cannon | |
197 | 13:56 | Shield Battery | |
197 | 14:03 | Templar Archives | |
197 | 14:05 | Pylon | |
197 | 14:13 | Disruptor x2 (Chrono Boost) | |
195 | 14:26 | Zealot x2 | |
195 | 14:27 | Zealot | |
181 | 14:43 | Disruptor (Chrono Boost) | |
184 | 14:47 | Probe x2 | |
184 | 14:48 | Probe | |
187 | 14:58 | Photon Cannon | |
187 | 15:00 | Photon Cannon | |
187 | 15:01 | Photon Cannon, Disruptor | |
187 | 15:02 | Photon Cannon | |
187 | 15:03 | Stalker x4 | |
187 | 15:04 | Shield Battery | |
187 | 15:07 | Shield Battery, Pylon | |
198 | 15:09 | Photon Cannon | |
198 | 15:18 | Zealot | |
198 | 15:19 | Zealot x6 | |
194 | 15:26 | Gravitic Boosters (Chrono Boost) | |
178 | 15:37 | Disruptor (Chrono Boost) | |
178 | 15:39 | Disruptor (Chrono Boost) | |
174 | 16:01 | Stalker x8 | |
174 | 16:02 | Stalker x4 | |
193 | 16:10 | Disruptor (Chrono Boost) | |
190 | 16:14 | Robotics Facility | |
190 | 16:16 | Pylon | |
196 | 16:19 | Disruptor (Chrono Boost) | |
196 | 16:20 | Protoss Shields Level 3 (Chrono Boost) | |
196 | 16:39 | Disruptor | |
197 | 16:42 | Nexus | |
197 | 16:45 | Pylon | |
197 | 16:49 | Disruptor | |
197 | 16:51 | Pylon | |
200 | 16:56 | Pylon | |
200 | 17:02 | Gateway | |
200 | 17:03 | Photon Cannon | |
200 | 17:05 | Photon Cannon | |
200 | 17:07 | Shield Battery | |
200 | 17:09 | Shield Battery | |
200 | 17:10 | Photon Cannon | |
200 | 17:12 | Pylon | |
147 | 17:44 | Stalker x2 | |
147 | 17:45 | Stalker x13 | |
147 | 17:46 | Disruptor x2 | |
170 | 17:53 | Disruptor | |
171 | 17:59 | Zealot x3 | |
177 | 18:08 | Probe | |
177 | 18:10 | Probe | |
177 | 18:11 | Probe | |
178 | 18:18 | Zealot | |
178 | 18:19 | Dark Templar x2 | |
180 | 18:20 | Zealot x5 | |
180 | 18:21 | Probe | |
180 | 18:23 | Probe | |
171 | 18:31 | Stalker x5 | |
173 | 18:36 | Disruptor x3 | |
173 | 18:38 | Probe | |
180 | 18:42 | Probe | |
180 | 18:47 | Zealot x4 | |
189 | 18:50 | High Templar x5 | |
199 | 18:58 | Assimilator | |
199 | 19:00 | Assimilator | |
199 | 19:02 | Pylon | |
193 | 19:03 | High Templar, Archon | |
193 | 19:04 | Archon | |
189 | 19:10 | High Templar x2, Archon | |
189 | 19:11 | Stalker x3 | |
197 | 19:19 | Archon | |
185 | 19:24 | Zealot x4 | |
185 | 19:25 | Zealot x3, Protoss Ground Armor Level 1 (Chrono Boost) | |
183 | 20:02 | Stalker | |
183 | 20:03 | Stalker x7 | |
199 | 20:17 | Photon Cannon | |
199 | 20:19 | Pylon | |
199 | 20:20 | Photon Cannon | |
199 | 20:27 | Pylon | |
199 | 20:28 | Nexus | |
199 | 20:30 | Photon Cannon | |
199 | 20:31 | Pylon | |
199 | 20:32 | Photon Cannon | |
199 | 20:33 | Photon Cannon | |
199 | 20:35 | Photon Cannon | |
199 | 20:36 | Shield Battery | |
199 | 20:41 | Stalker x4 | |
199 | 20:42 | Stalker x3 | |
195 | 21:02 | Observer, Disruptor x2 | |
195 | 21:03 | Pylon | |
200 | 21:12 | Photon Cannon | |
200 | 21:13 | Photon Cannon | |
200 | 21:16 | Photon Cannon | |
199 | 21:19 | Photon Cannon | |
199 | 21:23 | Shield Battery | |
199 | 21:24 | Shield Battery | |
198 | 21:25 | Shield Battery | |
198 | 21:27 | Pylon | |
198 | 21:32 | Disruptor | |
185 | 21:55 | Disruptor | |
185 | 21:57 | Stalker | |
185 | 21:58 | Stalker x6 | |
199 | 22:04 | Disruptor | |
199 | 22:08 | Disruptor | |
184 | 22:11 | Zealot x6 | |
184 | 22:15 | Protoss Ground Armor Level 2 (Chrono Boost) | |
193 | 22:32 | Observer | |
193 | 22:36 | Pylon | |
190 | 22:51 | Observer | |
185 | 22:53 | High Templar x2 | |
185 | 22:54 | High Templar x4 | |
185 | 22:56 | Probe | |
197 | 23:00 | Archon x3 | |
197 | 23:10 | Disruptor | |
194 | 23:19 | Stalker x2 | |
195 | 23:20 | Stalker x2 | |
199 | 23:32 | Stalker x3 | |
194 | 23:38 | Stalker x3 | |
194 | 23:39 | Stalker x2 | |
194 | 23:41 | Disruptor x2 | |
194 | 23:59 | Probe | |
194 | 24:13 | Stalker x3 | |
198 | 24:29 | Zealot x3 | |
189 | 24:36 | Stalker x2 | |
189 | 24:37 | Stalker x3 | |
189 | 24:38 | Stalker x3 | |
189 | 24:47 | Zealot x3 | |
189 | 24:48 | Zealot x2 | |
189 | 24:50 | Stargate | |
189 | 24:51 | Stargate | |
163 | 24:53 | Observer | |
163 | 24:57 | High Templar x4 | |
163 | 24:59 | High Templar | |
170 | 25:00 | High Templar | |
170 | 25:04 | Archon x3 | |
170 | 25:06 | Stalker x6 | |
182 | 25:09 | Assimilator | |
182 | 25:10 | Assimilator | |
182 | 25:12 | Protoss Ground Armor Level 3 (Chrono Boost), Zealot x6 | |
194 | 25:29 | Zealot | |
194 | 25:30 | Zealot x2 | |
194 | 25:33 | Fleet Beacon | |
181 | 25:55 | Stalker x6 | |
181 | 25:56 | Stalker x4 | |
191 | 26:04 | Disruptor x2 | |
182 | 26:21 | Stalker x6 | |
183 | 26:26 | Disruptor | |
183 | 26:29 | Carrier (Chrono Boost) | |
183 | 26:59 | Stalker x6 | |
183 | 27:00 | Stalker x2 | |
153 | 27:07 | High Templar x4 | |
153 | 27:08 | High Templar x4 | |
138 | 27:09 | High Templar x2 | |
138 | 27:11 | Archon | |
138 | 27:12 | Archon x3 | |
138 | 27:13 | Archon | |
140 | 27:31 | Zealot x4 | |
140 | 27:32 | Zealot x3 | |
140 | 27:35 | Carrier | |
154 | 27:50 | Pylon | |
154 | 27:52 | Stalker x2 | |
154 | 27:54 | Stalker x3 | |
154 | 27:56 | Pylon | |
164 | 28:09 | Stalker x3 | |
164 | 28:10 | Observer, Stalker | |
172 | 28:13 | Disruptor x2 | |
172 | 28:15 | Disruptor | |
181 | 28:28 | Zealot x5 | |
196 | 28:41 | Carrier (Chrono Boost) | |
196 | 28:49 | Observer | |
195 | 29:12 | Cybernetics Core | |
195 | 29:16 | Observer | |
192 | 29:21 | Protoss Air Weapons Level 1 (Chrono Boost) | |
188 | 29:25 | Photon Cannon | |
188 | 29:35 | Carrier (Chrono Boost) | |
188 | 29:40 | Carrier (Chrono Boost) | |
198 | 30:00 | Protoss Air Armor Level 1 (Chrono Boost) | |
198 | 30:04 | Observer | |
193 | 30:18 | Disruptor | |
193 | 30:19 | Disruptor | |
190 | 30:23 | Carrier (Chrono Boost) | |
194 | 30:30 | Carrier (Chrono Boost) | |
197 | 31:20 | Probe | |
196 | 31:27 | Carrier (Chrono Boost) | |
194 | 31:38 | Carrier (Chrono Boost) | |
174 | 31:56 | Stalker x3 | |
174 | 31:58 | Zealot x2 | |
174 | 31:59 | Zealot x4 | |
175 | 32:12 | Disruptor | |
175 | 32:14 | Zealot x7 | |
178 | 32:26 | Observer x2 | |
178 | 32:29 | Zealot x2 | |
178 | 32:31 | Probe | |
162 | 32:56 | Zealot x9 | |